 Dungeon Crawl Stone Soup version 0.30-a0-939-gc8157cb160 (webtiles) character file.

Game seed: 324473971626221653

191057 Hubris850 the Hand of Fortune (level 18, -3/159 HPs)
             Began as a Hill Orc Fighter on Mar 24, 2023.
             Was the Champion of Nemelex Xobeh.
             Slain by a red devil
             ... wielding a +0 trident
             ... summoned by an orc high priest
              (11 damage)
             ... on level 2 of the Orcish Mines on Mar 25, 2023.
             The game lasted 01:39:30 (32052 turns).

Hubris850 the Hand of Fortune (Hill Orc Fighter)   Turns: 32052, Time: 01:39:31

Health: -3/159     AC:  8    Str: 22    XL:     18   Next: 19%
Magic:  33/33      EV: 11    Int:  7    God:    Nemelex Xobeh [******]
Gold:   2605       SH: 13    Dex: 18    Spells: 17/17 levels left

rFire   + . .      SeeInvis +    e - +3 broad axe (elec)
rCold   + . .      Faith    +    j - +0 kite shield
rNeg    . . .      Spirit   .    C - +4 chain mail
rPois   +          Reflect  .    P - +2 helmet
rElec   +          Rampage  .    M - +2 cloak {rPois}
rCorr   .                        b - +2 pair of gloves
Will    +....                    O - +0 pair of boots Stlth
                                 d - amulet of faith
HPRegen 0.46/turn                I - ring "Iphidu" {rElec rPois rF+ rC+ Dex+2}
MPRegen 0.23/turn                i - ring of see invisible

@: about to teleport, spiked, corroded
A: agile 1, deterioration 1, robust 1, weak 1
}: 1/15 runes: serpentine
a: Renounce Religion, Convert to Beogh, Draw Escape, Draw Destruction, Draw
Summoning, Draw Stack, Triple Draw, Deal Four, Stack Five


You were on level 2 of the Orcish Mines.
You worshipped Nemelex Xobeh.
Nemelex Xobeh was exalted by your worship.
You visited 5 branches of the dungeon, and saw 26 of its levels.
You also visited: Trove.

You collected 3052 gold pieces.
You spent 447 gold pieces at shops.

Inventory:

Hand Weapons
 e - a +3 broad axe of electrocution (weapon)
 N - a +2 hand axe of flaming
Missiles
 k - 6 curare-tipped darts
 o - 35 poisoned darts
 s - 10 javelins
 w - a throwing net
 J - 16 boomerangs (quivered)
Armour
 b - a +2 pair of gloves (worn)
 j - a +0 kite shield (worn)
 l - a +1 tower shield of fire resistance
 x - the +2 hat of the Bear Spirit {Spirit, Bear, *Rage Will++}
   (You found it on level 1 of the Orcish Mines)

   Bear:      Going berserk makes the wearer tougher, and they're slowed less
   afterward.
   *Rage:     It berserks you when you make melee attacks (+20% chance).
   Will:      It greatly increases your willpower.
 A - a +3 plate armour of poison resistance
 C - a +4 chain mail (worn)
 M - a +2 cloak of poison resistance (worn)
 O - a +0 pair of boots (worn)
 P - a +2 helmet (worn)
Jewellery
 d - an amulet of faith (around neck)
 i - a ring of see invisible (right hand)
 I - the ring "Iphidu" (left hand) {rElec rPois rF+ rC+ Dex+2}
   (You found it on level 3 of the Dungeon)

   [ring of poison resistance]

   Dex:       It affects your dexterity (+2).
   rF:        It protects you from fire.
   rC:        It protects you from cold.
   rElec:     It insulates you from electricity.
   rPois:     It protects you from poison.
 L - an amulet of regeneration
 Y - the ring "Cosiesu" {rPois rF+ MP+9 Str-2}
   (You found it on level 14 of the Dungeon)

   [ring of magical power]

   Str:       It affects your strength (-2).
   rF:        It protects you from fire.
   rPois:     It protects you from poison.
   MP:        It affects your magic capacity (+9).
Wands
 a - a wand of mindburst (10)
 m - a wand of polymorph (9)
 n - a wand of acid (18)
 E - a wand of roots (40)
 T - a wand of paralysis (18)
 U - a wand of flame (13)
Scrolls
 c - a scroll of enchant armour
 f - a scroll of butterflies
 r - a scroll of poison
 t - 2 scrolls of fog
 v - 10 scrolls of teleportation
 y - 7 scrolls of fear
 K - 16 scrolls of identify
 S - 2 scrolls of blinking
Potions
 g - 19 potions of curing
 h - a potion of invisibility
 p - 3 potions of resistance
 q - 6 potions of haste
 u - a potion of flight
 z - 2 potions of heal wounds
 F - a potion of berserk rage
 X - a potion of might


   Skills:
 + Level 9.3 Fighting
 + Level 16.1 Axes
 - Level 10.0 Throwing
 + Level 12.2 Armour
 + Level 8.1 Dodging
 + Level 12.2 Shields
 - Level 23.5 Invocations
 - Level 6.0 Evocations


You had 17 spell levels left.
You didn't know any spells.
Your spell library contained the following spells:

 Spells                   Type           Power      Damage    Failure   Level
 Beastly Appendage        Tmut           0%         N/A       99%         1
 Magic Dart               Conj           0%         1d3       99%         1
 Shock                    Conj/Air       0%         1d3       99%         1
 Summon Small Mammal      Summ           0%         N/A       99%         1
 Call Imp                 Summ           0%         N/A       100%        2
 Cigotuvi's Dreadful Rot  Necr/Pois/Air  0%         N/A       100%        2
 Ensorcelled Hibernation  Hex/Ice        0%         N/A       100%        2
 Wereblood                Tmut           0%         N/A       100%        2
 Call Canine Familiar     Summ           0%         N/A       100%        3
 Gell's Gravitas          Tloc           0%         N/A       100%        3
 Inner Flame              Hex/Fire       0%         N/A       100%        3
 Mephitic Cloud           Conj/Pois/Air  0%         N/A       100%        3
 Portal Projectile        Hex/Tloc       0%         N/A       100%        3
 Spider Form              Tmut/Pois      0%         N/A       100%        3
 Summon Guardian Golem    Hex/Summ       0%         N/A       100%        3
 Swiftness                Air            0%         N/A       100%        3
 Teleport Other           Tloc           0%         N/A       100%        3
 Airstrike                Air            0%         2d(0-16)  100%        4
 Anguish                  Hex/Necr       0%         N/A       100%        4
 Dispel Undead            Necr           0%         3d6       100%        4
 Flame Wave               Conj/Fire      0%         2d4       100%        4
 Leda's Liquefaction      Hex/Erth       0%         N/A       100%        4
 Sticky Flame             Conj/Fire      0%         2d3       100%        4
 Iskenderun's Battlesphe  Conj           0%         2d6       100%        5
 Death Channel            Necr           0%         N/A       100%        6
 Dispersal                Tloc           0%         N/A       100%        6
 Iron Shot                Conj/Erth      0%         9d1       100%        6
 Malign Gateway           Summ/Tloc      0%         N/A       100%        7
 Spellforged Servitor     Conj/Summ      0%         N/A       100%        7
 Summon Horrible Things   Summ           0%         N/A       100%        8


Dungeon Overview and Level Annotations

Branches:
Dungeon (14/15)            Temple (1/1) D:5            Lair (5/5) D:10
 Shoals (0/4) Lair:3        Snake (4/4) Lair:3        Slime (0/5) Lair:4
    Orc (2/2) D:12            Elf (0/3) Orc:2        Vaults (0/5) D:13

Altars:
Ashenzari
Cheibriados
Dithmenos
Elyvilon
Fedhas
Makhleb
Nemelex Xobeh
Okawaru
Qazlal
Uskayaw
Vehumet
The Shining One
Beogh
Jiyva

Shops:
D:7 !   D:8 =   D:10 ??[:   Orc:2 ::(   Snake:2 ?

Annotations:
Snake:3 2 transporters, Mimusiah's ghost, adept HOFi
Abyss:1 Aizul


Innate Abilities, Weirdness & Mutations

You are agile. (Dex +4, Str/Int -1)
Your body sometimes deteriorates upon taking damage.
You are robust. (+10% HP)
You are weak. (Str -2)


Message History

* * * LOW HITPOINT WARNING * * *
The orc high priest hits you with a +0 dire flail.
* * * LOW HITPOINT WARNING * * *
An orc comes into view. It is wielding a +0 hand axe.
The orange demon stings you but does no damage.
The red devil hits you from afar with a +0 trident!
* * * LOW HITPOINT WARNING * * *
Barbed spikes become lodged in your body.
Unknown command.
You hit the orc high priest but do no damage.
The orc high priest is almost dead.
You barely miss the rust devil. You miss the warg.
You feel sick.
The orc high priest invokes the aid of Beogh against you.
You resist with some effort. The warg closely misses you.
You block the rust devil's attack.
An orc comes into view. It is wielding a +0 whip.
An orc opens the door.
An orc comes into view. It is wielding a +2 mace of holy wrath.
An orc comes into view. It is wielding a +0 dagger.
The orange demon stings you but does no damage.
You block the red devil's attack.
The orc high priest hits you with a +0 dire flail!
* * * LOW HITPOINT WARNING * * *
Found Lalethy's Book Shoppe. 2 orcs and 4 orc priests come into view.
Unknown command.
As you read the scroll of teleportation, it crumbles to dust.
You feel strangely unstable.
You feel sick.
You are no longer poisoned.
The orc shouts! x2; The orc priest shouts! x2
The orc high priest threatens, "By the altar or by the axe, you will meet Beogh!"
You block the warg's attack. You block the rust devil's attack.
An orc comes into view. It is wielding a +1 dagger of venom.
The orc high priest invokes the aid of Beogh against you.
Beogh smites you!
* * * LOW HITPOINT WARNING * * *
The orange demon barely misses you.
The red devil hits you from afar with a +0 trident!
You die...
Your body glows slightly and disappears. .............. #######............. ..o.∩#.....)....#.. ..ooo#............. o.o #............. ooo

#.............
#.###o###.............
#..oh.................
##..##@###.............
...#)o4.#.............
#..#.4.4#.............
#..#.(.∩#.............
#####..######.............
..........................
.....................)....
########.............)....
######.#...........)))....


You could see an orc high priest (fast), an orange demon (summoned), a rust
devil (summoned), a warg, a red devil (summoned), 4 orc priests and 7 orcs.

Vanquished Creatures
  Vashnia (Snake:2)
  Agnes (Snake:3)
  Kirke (Snake:3)
  A storm dragon (D:14)
  4 nagarajas
  An orc warlord (Orc:1)
  A stone giant (Orc:1)
  A minotaur (Lair:1)
  A dire elephant (Snake:4)
  Snorg (Orc:1)
  2 fire dragons
  An entropy weaver (Snake:2)
  Harold (Lair:2)
  6 salamander tyrants
  5 hydras
  5 boulder beetles
  2 catoblepae
  2 centaur warriors (D:14)
  7 anacondas
  4 death yaks (Lair:4)
  13 naga warriors
  2 two-headed ogres
  An orc high priest (Orc:1)
  9 naga sharpshooters
  3 shock serpents
  Amaemon (Lair:2)
  A skyshark (Lair:5)
  A sea snake (Snake:2)
  3 salamander mystics
  An orb spider (Snake:2)
  A death drake (Snake:2)
  4 orc knights
  A swamp dragon (Snake:2)
  4 naga ritualists
  Pikel (D:5)
  A wizard (D:13)
  3 lindwurms
  2 deep elf pyromancers (D:13)
  8 mana vipers
  An oklob plant (Lair:5)
  2 orc sorcerers
  10 salamanders
  5 ugly things (D:14)
  A manticore (shapeshifter) (D:14)
  A manticore (D:13)
  2 cyclopes
  6 elephants
  8 naga magi
  43 black mambas
  5 guardian serpents
  Maurice (D:10)
  An orange demon (Lair:2)
  15 cane toads
  A gargoyle (D:12)
  2 molten gargoyles (Lair:5)
  An unseen horror (D:11)
  A torpor snail (Lair:5)
  Psyche (D:8)
  7 komodo dragons
  2 yaktaurs (Snake:2)
  An efreet (D:13)
  A rime drake (Lair:4)
  A merfolk (Snake:2)
  A tarantella (Snake:2)
  2 polar bears
  3 meliai (D:13)
  A hornet (D:8)
  5 trolls
  A raiju (Snake:2)
  5 blink frogs (Lair:4)
  2 dream sheep
  2 shadows
  A culicivora (Snake:2)
  7 wraiths
  A centaur simulacrum (D:14)
  2 vampires
  4 water elementals (D:14)
  55 yaks
  12 wyverns
  4 basilisks
  2 steam dragons
  9 vampire mosquitoes
  2 wargs (Orc:2)
  Edmund (D:6)
  41 nagas
  3 acid dragons
  16 water moccasins
  Duvessa (D:4)
  3 hell hounds (Lair:5)
  A swamp drake (shapeshifter) (Snake:2)
  A swamp drake (Snake:2)
  2 ice beasts
  15 orc warriors
  A sky beast (D:6)
  7 ogres
  6 wolves (Lair:3)
  5 centaurs
  2 lemures (D:4)
  A phantom (D:4)
  Blork the orc (D:6)
  3 kobold brigands
  9 bullfrogs
  4 scorpions
  Dowan (D:4)
  11 wights
  2 electric eels (D:14)
  A howler monkey (D:12)
  4 lava snakes (Lair:5)
  19 orc priests
  5 hounds
  7 jellies
  2 gnoll boudas
  2 sleepcaps
  Crazy Yiuf (D:2)
  Ijyb (D:5)
  Terence (D:2)
  6 hell rats (Lair:5)
  26 orc wizards
  Natasha (thrice) (D:2)
  An iguana (D:6)
  Robin (D:2)
  20 gnolls
  6 adders
  A white imp (D:5)
  2 ufetubi
  4 worms
  2 dart slugs
  98 orcs
  6 bats
  6 endoplasms
  4 giant cockroaches
  9 hobgoblins
  3 jackals (D:2)
  23 kobolds
  5 quokkas
  9 ball pythons
  6 frilled lizards
  9 goblins
  10 rats
788 creatures vanquished.

Vanquished Creatures (collateral kills)
  Asterion (Snake:1)
  Josephine (Lair:3)
  3 naga warriors
  3 naga sharpshooters (Snake:4)
  A salamander mystic (Snake:4)
  2 naga ritualists (Snake:4)
  6 salamanders
  3 ugly things (D:14)
  2 elephants (Lair:3)
  A guardian serpent (Snake:2)
  7 naga magi
  A wraith (Lair:3)
  A basilisk (Lair:3)
  9 nagas
  A water moccasin (Lair:3)
  A bullfrog (Lair:3)
43 creatures vanquished.

Vanquished Creatures (others)
  A salamander (Snake:3)
  A naga mage (Snake:3)
  A spriggan (Snake:3)
  2 humans (Snake:3)
  A black bear (Snake:2)
  An orc priest (Orc:1)
  18 fungi
  37 plants
62 creatures vanquished.

Grand Total: 893 creatures vanquished

Notes
Turn   | Place    | Note
-------+----------+-------------------------------------------
     0 | D:1      | Hubris850 the Hill Orc Fighter began the quest for the Orb.
     0 | D:1      | Reached XP level 1. HP: 19/19 MP: 1/1
   199 | D:1      | Reached XP level 2. HP: 27/27 MP: 2/2
   511 | D:1      | Reached XP level 3. HP: 33/33 MP: 3/3
   805 | D:2      | Noticed Robin
   810 | D:2      | Reached skill level 1 in Throwing
   811 | D:2      | Killed Robin
   817 | D:2      | Reached XP level 4. HP: 36/40 MP: 4/4
   944 | D:2      | Noticed Natasha
   953 | D:2      | Killed Natasha
  1070 | D:2      | Reached XP level 5. HP: 23/46 MP: 5/5
  1094 | D:2      | Noticed Natasha
  1096 | D:2      | Killed Natasha
  1337 | D:2      | Found a broken altar of Ashenzari.
  1500 | D:2      | Noticed Terence
  1506 | D:2      | Killed Terence
  1700 | D:2      | Noticed Natasha
  1709 | D:2      | Killed Natasha
  1710 | D:2      | Reached skill level 5 in Axes
  1786 | D:2      | Found a runed translucent door.
  1787 | D:2      | Noticed Crazy Yiuf
  1793 | D:2      | Killed Crazy Yiuf
  1794 | D:2      | Reached XP level 6. HP: 50/52 MP: 6/6
  1981 | D:3      | Identified the ring "Iphidu" {rElec rPois rF+ rC+ Dex+2}
  2016 | D:3      | Noticed an ice beast
  2026 | D:3      | Killed an ice beast
  2329 | D:3      | Reached XP level 7. HP: 52/59 MP: 7/7
  2737 | D:4      | Noticed Duvessa
  2738 | D:4      | Noticed Dowan
  2752 | D:4      | Killed Duvessa
  2759 | D:4      | Killed Dowan
  3074 | D:4      | Found a shadowy altar of Dithmenos.
  3141 | D:4      | Reached XP level 8. HP: 66/66 MP: 8/8
  3295 | D:5      | Entered Level 5 of the Dungeon
  3312 | D:5      | Found a staircase to the Ecumenical Temple.
  3351 | Temple   | Entered the Ecumenical Temple
  3358 | Temple   | Became a worshipper of Nemelex Xobeh the Trickster
  3405 | D:5      | Noticed Ijyb
  3418 | D:5      | Paralysed by Ijyb for 5 turns
  3430 | D:5      | Killed Ijyb
  3431 | D:5      | Reached skill level 10 in Axes
  3431 | D:5      | Reached skill level 1 in Invocations
  3504 | D:5      | Noticed Pikel
  3517 | D:5      | Killed Pikel
  3518 | D:5      | Reached skill level 4 in Invocations
  3537 | D:5      | Reached skill level 5 in Invocations
  3600 | D:5      | Found an iron altar of Okawaru.
  3654 | D:5      | Noticed a wyvern
  3666 | D:5      | Killed a wyvern
  3667 | D:5      | Reached skill level 6 in Invocations
  3667 | D:5      | Reached XP level 9. HP: 65/71 MP: 13/13
  3951 | D:6      | Noticed Blork the orc
  3957 | D:6      | Killed Blork the orc
  4047 | D:6      | Noticed Edmund
  4067 | D:6      | Killed Edmund
  4494 | D:6      | Reached * piety under Nemelex Xobeh
  4642 | D:6      | Reached skill level 15 in Axes
  4670 | D:6      | Received a gift from Nemelex Xobeh
  4875 | D:7      | Reached XP level 10. HP: 68/78 MP: 14/14
  5157 | D:7      | Found Yhijog's Distillery.
  5167 | D:7      | Bought a potion of degeneration for 13 gold pieces
  5167 | D:7      | Bought a potion of lignification for 39 gold pieces
  5376 | D:8      | Noticed Psyche
  5388 | D:8      | Killed Psyche
  5389 | D:8      | Reached skill level 7 in Invocations
  5543 | D:8      | Found a large runed translucent door.
  5544 | D:8      | Found a large runed translucent door.
  5656 | D:8      | Reached ** piety under Nemelex Xobeh
  5755 | D:8      | Reached skill level 8 in Invocations
  5769 | D:8      | Reached skill level 5 in Throwing
  5983 | D:8      | Reached skill level 9 in Invocations
  6028 | D:8      | Reached skill level 1 in Dodging
  6028 | D:8      | Reached XP level 11. HP: 80/85 MP: 17/17
  6103 | D:8      | Received a gift from Nemelex Xobeh
  6129 | D:8      | Found Dyumuin's Jewellery Shoppe.
  6283 | D:8      | Found a blossoming altar of Fedhas.
  6432 | D:8      | Found a stormy altar of Qazlal.
  6440 | D:8      | Found a white marble altar of Elyvilon.
  6561 | D:9      | Identified the +6 falchion of the Hawk {freeze, rElec rC-
                  | rCorr Int+4 Stlth+}
  6625 | D:9      | Reached skill level 5 in Fighting
  6720 | D:9      | Gained mutation: You have hidden genetic defects. [potion
                  | of mutation]
  6720 | D:9      | Gained mutation: You have a somewhat thin skeletal
                  | structure. (Dex +2, Stealth+) [potion of mutation]
  6721 | D:9      | Lost mutation: You have hidden genetic defects. [potion of
                  | mutation]
  6721 | D:9      | Lost mutation: You have a somewhat thin skeletal structure.
                  | (Dex +2, Stealth+) [potion of mutation]
  6721 | D:9      | Gained mutation: Your body sometimes deteriorates upon
                  | taking damage. [potion of mutation]
  6721 | D:9      | Gained mutation: You are robust. (+10% HP) [potion of
                  | mutation]
  6721 | D:9      | Gained mutation: You are weak. (Str -2) [potion of
                  | mutation]
  6721 | D:9      | Gained mutation: You are agile. (Dex +4, Str/Int -1)
                  | [potion of mutation]
  6736 | D:9      | Reached skill level 5 in Armour
  6736 | D:9      | Reached skill level 5 in Shields
  7645 | D:10     | Entered Level 10 of the Dungeon
  7645 | D:10     | Found Jebb's Book Boutique.
  7770 | D:10     | Found Memueg's Magic Scroll Boutique.
  7841 | D:10     | Bought a scroll of identify for 24 gold pieces
  7841 | D:10     | Bought a scroll of brand weapon for 114 gold pieces
  7841 | D:10     | Bought a scroll of identify for 24 gold pieces
  7961 | D:10     | Found Wougaptegeo's Antique Armour Emporium.
  7997 | D:10     | Found Qituhib's Magic Scroll Emporium.
  8004 | D:10     | Bought a scroll of enchant weapon for 105 gold pieces
  8038 | D:10     | Reached *** piety under Nemelex Xobeh
  8038 | D:10     | Received a gift from Nemelex Xobeh
  8049 | D:10     | Noticed Maurice
  8069 | D:10     | Killed Maurice
  8070 | D:10     | Found a hide-covered altar of Uskayaw.
  8118 | D:10     | Identified the +6 shortbow "Tapnof" {drain, rF+ rCorr}
  8120 | D:10     | Found a staircase to the Lair.
  8147 | Lair:1   | Entered Level 1 of the Lair of Beasts
  8452 | D:10     | Noticed a two-headed ogre
  8456 | D:10     | Killed a two-headed ogre
  8691 | Lair:1   | Received a gift from Nemelex Xobeh
  8769 | Lair:1   | Reached XP level 12. HP: 93/105 MP: 17/19
  8774 | Lair:1   | Reached skill level 10 in Invocations
  8870 | Lair:1   | Reached skill level 11 in Invocations
  9034 | Lair:1   | Reached **** piety under Nemelex Xobeh
  9036 | Lair:1   | Received a gift from Nemelex Xobeh
  9246 | Lair:1   | Found a runed translucent door.
  9553 | Lair:1   | Noticed a minotaur
  9567 | Lair:1   | Killed a minotaur
  9568 | Lair:1   | Reached skill level 12 in Invocations
  9998 | Lair:2   | Reached skill level 13 in Invocations
 10068 | Lair:2   | Received a gift from Nemelex Xobeh
 10192 | Lair:2   | Noticed Amaemon
 10197 | Lair:2   | Killed Amaemon
 10279 | Lair:2   | Reached skill level 14 in Invocations
 10300 | Lair:2   | Noticed Harold
 10306 | Lair:2   | Killed Harold
 10333 | Lair:2   | Reached skill level 15 in Invocations
 10352 | Lair:2   | Reached ***** piety under Nemelex Xobeh
 10874 | Lair:2   | Received a gift from Nemelex Xobeh
 11131 | Lair:3   | Reached skill level 16 in Invocations
 11131 | Lair:3   | Reached XP level 13. HP: 94/112 MP: 23/25
 11405 | Lair:2   | Reached skill level 17 in Invocations
 11454 | Lair:3   | Noticed Josephine
 11467 | Lair:3   | Killed Josephine
 11468 | Lair:3   | Reached skill level 18 in Invocations
 11808 | Lair:3   | Found a staircase to the Snake Pit.
 11814 | Lair:3   | You fall into a shaft and drop 2 floors!
 11814 | Lair:5   | Entered Level 5 of the Lair of Beasts
 12088 | Lair:4   | Received a gift from Nemelex Xobeh
 12167 | Lair:4   | Found a viscous altar of Jiyva.
 12187 | Lair:4   | Reached skill level 19 in Invocations
 12531 | Lair:4   | Reached skill level 20 in Invocations
 12616 | Lair:4   | Received a gift from Nemelex Xobeh
 12710 | Lair:4   | Reached skill level 1 in Evocations
 12882 | Lair:4   | Found a staircase to the Slime Pits.
 12978 | Lair:4   | Received a gift from Nemelex Xobeh
 13118 | Lair:4   | Reached XP level 14. HP: 121/121 MP: 28/28
 13661 | Lair:3   | Received a gift from Nemelex Xobeh
 13748 | Lair:3   | Found a broken altar of Ashenzari.
 13798 | Lair:3   | Found a staircase to the Shoals.
 14373 | Lair:5   | Identified the +3 scale mail "Ovukefoc" {Int+4}
 14566 | Lair:5   | Received a gift from Nemelex Xobeh
 14857 | Lair:5   | Reached skill level 5 in Evocations
 14978 | Lair:5   | Found a large runed translucent door.
 14978 | Lair:5   | Found a large runed translucent door.
 15532 | D:11     | Received a gift from Nemelex Xobeh
 15533 | D:11     | Reached ****** piety under Nemelex Xobeh
 15664 | D:11     | Received a gift from Nemelex Xobeh
 15789 | D:11     | Received a gift from Nemelex Xobeh
 15789 | D:11     | You fall into a shaft and drop 3 floors!
 16164 | D:14     | Received a gift from Nemelex Xobeh
 16785 | D:14     | Noticed a storm dragon
 16790 | D:14     | Killed a storm dragon
 16791 | D:14     | Reached skill level 10 in Throwing
 16891 | D:14     | Identified the ring "Cosiesu" {rPois rF+ MP+9 Str-2}
 17255 | D:13     | Received a gift from Nemelex Xobeh
 17558 | D:13     | Found a gate to the Vaults.
 17869 | D:13     | Reached XP level 15. HP: 53/128 MP: 29/29
 17873 | D:13     | Reached skill level 5 in Dodging
 17873 | D:13     | Reached XP level 16. HP: 59/139 MP: 30/30
 18346 | D:13     | Received a gift from Nemelex Xobeh
 18865 | D:12     | Found a staircase to the Orcish Mines.
 18983 | D:12     | Found a portal to a secret trove of treasure.
 19284 | D:12     | Received a gift from Nemelex Xobeh
 19299 | D:12     | Found a radiant altar of Vehumet.
 19667 | D:11     | Received a gift from Nemelex Xobeh
 19984 | Snake:1  | Entered Level 1 of the Snake Pit
 20739 | Snake:1  | Reached skill level 10 in Armour
 20969 | Snake:1  | Received a gift from Nemelex Xobeh
 21005 | Snake:1  | Noticed Asterion
 21021 | Snake:1  | Killed Asterion
 23031 | Snake:2  | Received a gift from Nemelex Xobeh
 23381 | Snake:2  | Found Lanoq's Magic Scroll Emporium.
 23388 | Snake:2  | Bought a scroll of fog for 64 gold pieces
 23388 | Snake:2  | Bought a scroll of fog for 64 gold pieces
 23786 | D:12     | You paid a toll of 4 scrolls of fog to enter a treasure
                  | trove
 23787 | Trove    | Entered a treasure trove
 23808 | Trove    | Identified the amulet "Benomyto" {Acrobat Str+4}
 23810 | Trove    | Identified the ring of Niheif {Wiz Dex+5}
 23813 | Trove    | Identified the +3 ring mail "Yxept" {rElec Will- Regen+}
 24298 | Snake:2  | Noticed Vashnia
 24313 | Snake:2  | Killed Vashnia
 24314 | Snake:2  | Reached skill level 10 in Shields
 24553 | Snake:2  | Received a gift from Nemelex Xobeh
 24912 | Snake:3  | Noticed Aizul
 24923 | Snake:3  | Banished Aizul
 24924 | Snake:3  | Reached XP level 17. HP: 75/150 MP: 26/31
 25388 | Snake:3  | Received a gift from Nemelex Xobeh
 25401 | Snake:3  | Noticed Agnes
 25420 | Snake:3  | Killed Agnes
 25470 | Snake:3  | Upgraded the game from 0.30-a0-937-ga0a21ad780 to
                  | 0.30-a0-939-gc8157cb160
 26140 | Snake:3  | Noticed Kirke
 26155 | Snake:3  | Killed Kirke
 26206 | Snake:3  | Found a transporter.
 26211 | Snake:3  | Noticed Mimusiah's ghost (adept HOFi)
 26543 | Snake:3  | Found a transporter.
 26709 | Snake:3  | Received a gift from Nemelex Xobeh
 27417 | Snake:4  | Entered Level 4 of the Snake Pit
 27463 | Snake:4  | Reached skill level 21 in Invocations
 28608 | Snake:4  | Reached skill level 22 in Invocations
 29561 | Snake:4  | Reached skill level 23 in Invocations
 29593 | Snake:4  | Reached XP level 18. HP: 118/159 MP: 33/33
 29864 | Snake:4  | Received a gift from Nemelex Xobeh
 30097 | Snake:4  | Got a serpentine rune of Zot
 30419 | Orc:1    | Entered Level 1 of the Orcish Mines
 30482 | Orc:1    | You fall into a shaft and drop 1 floor!
 30482 | Orc:2    | Entered Level 2 of the Orcish Mines
 30641 | Orc:1    | Found a transporter.
 30651 | Orc:1    | Found a roughly hewn altar of Beogh.
 30651 | Orc:1    | Found a transporter.
 30651 | Orc:1    | Found the +2 hat of the Bear Spirit {Spirit, Bear, *Rage
                  | Will++}
 30890 | Orc:1    | Identified the staff of poison "Jusia" {rPois Int+3}
 30897 | Orc:1    | Received a gift from Nemelex Xobeh
 31250 | Orc:1    | Noticed Snorg
 31267 | Orc:1    | Killed Snorg
 31509 | Orc:2    | Found Sotyor's Book Shoppe.
 31891 | Orc:2    | Found a staircase to the Elven Halls.
 32035 | Orc:2    | Found Bosmagg's Weapon Boutique.
 32051 | Orc:2    | Found Lalethy's Book Shoppe.
 32052 | Orc:2    | Slain by a red devil

Illustrated notes

Levels and vault maps discovered:
D:1:      dpeg_arrival_stone_temple_mockup, layout_loops_ring,
          minmay_tetromino_l2
D:2:      layout_basic, basic_altar, uniq_crazy_yiuf_cottage, uniq_robin,
          uniq_terence, uniq_natasha
D:3:      layout_basic, minmay_joined_circles
D:4:      layout_loops_corners, mainiacjoe_overflow_alcove_4, nicolae_titane,
          uniq_duvessa
D:5:      layout_rooms, okawaru_trees_1, minmay_temple_entry_statues,
          wad_floor_pattern_untrapped, uniq_pikel, uniq_ijyb
D:6:      kennysheep_big_flooded_room, layout_basic, st_stairs_2,
          serial_bayou_ford_a, roderic_roman_lattice, uniq_blork_the_orc,
          uniq_edmund
D:7:      layout_basic, serial_shops, nicolae_lakefront_shop
D:8:      layout_loops_corners, jmf_multi_god_temple2, kennysheep_little_box,
          serial_shops, nicolae_shop_window_shopping, minmay_misc_feat_columns,
          kennysheep_generic_room_11, uniq_psyche
D:9:      layout_loops_ring, kennysheep_generic_room_14
D:10:     layout_roguey, eat_drink_and_be_merry_uskayaw, david_lair_shrubbed,
          serial_shops, nicolae_shop_trees, nicolae_stop_n_shop_1,
          nicolae_shop_advertising_works [nicolae_subvault_shop_adworks], shop,
          nicolae_figureground_pulse, uniq_maurice
D:11:     layout_irregular_city
D:12:     layout_basic, hiddenorc2_lemuel, enter_trove_2,
          nicolae_vehumet_altar_sigil
D:13:     layout_cave_pods, david_vaults_4
D:14:     kennysheep_water_balloons, layout_loops_ring,
          nicolae_underground_beach
Temple:   nicolae_temple_bog_church
Lair:1:   dreamdust_labyrinth, layout_regular_city, st_stairs_9
Lair:2:   layout_cellular_growth, uniq_amaemon, uniq_harold
Lair:3:   layout_small_grid, shoals_dummy_entry,
          minmay_snake_entry_six_corridors, basic_altar,
          infiniplex_staircase_pool, uniq_josephine
Lair:4:   layout_cave_shapes, nicolae_slime_entry_field_trip,
          minmay_shattered_shrine
Lair:5:   cheibrodos_lair_end_hotspot, layout_cave_shapes
Snake:1:  layout_chambers, uniq_asterion
Snake:2:  kennysheep_six_static_rooms, layout_concentric_octagons, serial_shops,
          nicolae_shop_crystal, st_stairs_9, uniq_vashnia
Snake:3:  layout_chambers, gammafunk_ghost_arena, serial_bayou_shore_b,
          serial_bayou_shore_b, uniq_aizul, uniq_kirke, uniq_agnes
Snake:4:  minmay_snake_end_coiled, layout_misc_corridors, serial_bayou_shore_b
Orc:1:    gammafunk_beogh_shrine, layout_diamond_mine, uniq_snorg
Orc:2:    st_orc_town, layout_caves, serial_shops, shop

Skill      XL: |  1  2  3  4  5  6  7  8  9 10 11 12 13 14 15 16 17 |
---------------+----------------------------------------------------+-----
Axes           | 3 4 5 7 9 11 15 16 | 16.1
Fighting       | 4 6 7 9 |  9.3
Throwing       | 1 2 3 6 10 | 10.0
Armour         | 4 8 9 12 | 12.2
Shields        | 4 6 7 10 12 | 12.2
Invocations    | 6 9 16 20 23 | 23.5
Dodging        | 1 4 5 8 |  8.1
Evocations     | 2 6 |  6.0

Action                     |  1- 3 |  4- 6 |  7- 9 | 10-12 | 13-15 | 16-18 || total
---------------------------+-------+-------+-------+-------+-------+-------++-------
  Melee: War axe           |    96 |    79 |       |   222 |   595 |   237 ||  1229
         Morningstar       |       |   107 |   298 |   320 |       |       ||   725
         Unarmed           |       |       |       |     8 |       |       ||     8
         Falchion          |       |       |       |   168 |       |       ||   168
         Hand axe          |       |       |       |       |     5 |       ||     5
         Broad axe         |       |       |       |       |       |   736 ||   736
  Throw: Dart              |     1 |    11 |    26 |    12 |     9 |     6 ||    65
         Boomerang         |       |       |       |    34 |    16 |   155 ||   205
         Javelin           |       |       |       |       |       |     4 ||     4
 Invoke: Draw Destruction  |       |       |       |    15 |    33 |    47 ||    95
         Draw Summoning    |       |       |       |       |     4 |    15 ||    19
         Draw Escape       |       |       |       |       |       |     2 ||     2
         Triple Draw       |       |       |       |       |       |     2 ||     2
         Deal Four         |       |       |       |       |       |     1 ||     1
         Draw Stack        |       |       |       |       |       |     3 ||     3
         Stack Five        |       |       |       |       |       |     1 ||     1
    Use: Potion            |       |     1 |     2 |     8 |     1 |     9 ||    21
         Scroll            |       |       |     7 |    18 |       |     4 ||    29
   Stab: Petrified         |       |       |       |       |     6 |       ||     6
         Distracted        |       |       |       |       |     3 |     2 ||     5
         Confused          |       |       |       |       |       |     3 ||     3
 Armour: Scale mail        |     7 |       |       |       |       |       ||     7
         Chain mail        |    67 |   124 |   208 |   436 |   325 |   486 ||  1646
  Dodge: Dodged            |    37 |    74 |   106 |   215 |   217 |   393 ||  1042
  Block: Buckler           |    23 |    52 |    74 |   174 |   151 |    58 ||   532
         Kite shield       |       |       |       |       |       |   568 ||   568

Table legend: (Time is in decaauts)
 A = Elapsed time spent in this place.
 B = Non-inter-level travel time spent in this place.
 C = Inter-level travel time spent in this place.
 D = Time resting spent in this place.
 E = Time spent auto-exploring this place.
 F = Levels seen in this place.
 G = Mean time per level.
                   A        B        C        D        E       F      G
               +--------+--------+--------+--------+--------+-----+--------+
         Total |  32064 |  29980 |   2084 |   5408 |  18008 |  27 | 1187.6 |
       Dungeon |  13585 |  12659 |    926 |    712 |   8600 |  14 |  970.4 |
        Temple |     14 |      7 |      7 |      0 |      0 |   1 |   14.0 |
          Lair |   7187 |   6548 |    639 |    554 |   4882 |   5 | 1437.4 |
     Snake Pit |   9617 |   9187 |    430 |   3701 |   3783 |   4 | 2404.2 |
  Orcish Mines |   1618 |   1537 |     81 |    441 |    742 |   2 |  809.0 |
         Trove |     40 |     40 |      0 |      0 |      0 |   1 |   40.0 |
               +--------+--------+--------+--------+--------+-----+--------+

Top non-repeatable levels by time:
 Snake:3: 2788 daAuts
 Snake:1: 2644 daAuts
 Snake:4: 2344 daAuts
 Snake:2: 1840 daAuts
  Lair:2: 1764 daAuts
  Lair:4: 1469 daAuts
  Lair:5: 1443 daAuts
    D:14: 1442 daAuts
  Lair:1: 1378 daAuts
    D:13: 1334 daAuts
   Orc:1: 1289 daAuts
     D:8: 1270 daAuts
    D:12: 1152 daAuts
  Lair:3: 1132 daAuts
     D:2: 1130 daAuts
